[Event "Titled Tuesday Blitz May 16 Early 2023"]
[White "Martinez Alcantara, Jose Eduardo"]
[Black "Cherniaiev, Tykhon"]
[WhiteFideId "3805662"]
[BlackFideId "14182360"]
[WhiteElo "2711"]
[BlackElo "2450"]
[Result "1/2-1/2"]
[Round "03"]
[TimeControl "180+2"]
[Date "2023.05.16"]
[WhiteClock "0:00:44"]
[BlackClock "0:00:32"]

1. e4 e5 2. Nf3 Nc6 3. Bb5 Nge7 4. O-O a6 5. Ba4 Ng6 6. c3 Be7 7. d4 exd4 8. cxd4 O-O 9. Nc3 d6 10. h3 b5 11. Bb3 Na5 12. Bc2 c5 13. b3 Bb7 14. Ne2 Bf6 15. Be3 Re8 16. Ng3 Nc6 17. Rc1 cxd4 18. Nxd4 Nxd4 19. Bxd4 Rc8 20. Nf5 Rxc2 21. Rxc2 Bxe4 22. Bxf6 Bxc2 23. Bxd8 Bxd1 24. Bf6 Be2 25. Nxg7 Bxf1 26. Nxe8 Bd3 27. Nxd6 b4 28. Nc4 Nf4 29. Nd2 Ne2+ 30. Kh2 Nc3 31. a3 Ne4 32. Nxe4 Bxe4 33. axb4 Bc2 34. Kg3 Bxb3 35. Kf4 Bd5 36. f3 Bc4 37. Kg5 Bf1 38. g4 Bxh3 39. f4 Bf1 40. Bd4 Be2 41. f5 Bd1 42. Kf4 Be2 43. Bf6 Bd1 44. Bg5 Bc2 45. Bh6 Bd1 46. g5 Bc2 47. Ke5 Bb1 48. f6 Bd3 49. Kd6 Bb5 50. Kc5 Bf1 51. Kb6 Be2 52. Kc5 Bb5 53. Kd5 Be2 54. Ke4 Bb5 55. Ke3 Bc4 56. Kf2 Bb5 57. Ke1 Bc4 58. Kd2 Bb5 59. Kc3 Bf1 60. Kd2 Bb5 61. Kc3 Bf1 62. Kd4 Bb5 63. Ke4 Bc6+ 64. Kf4 Bb5 65. Ke5 Bc6 66. Kd6 Bb5 67. Ke7 Bc4 68. g6 hxg6 69. Bg5 Bb5 70. Bh6 Bc4 71. Bg5 Bb5 72. Bh6 Bc4 1/2-1/2


[Site "https://www.chess.com"]

[Event "Titled Tuesday Blitz May 16 Early 2023"]
[White "Yanchenko, Roman"]
[Black "Demchenko, Anton"]
[WhiteFideId "4137329"]
[BlackFideId "4160258"]
[WhiteElo "2491"]
[BlackElo "2545"]
[Result "1-0"]
[Round "03"]
[TimeControl "180+2"]
[Date "2023.05.16"]
[WhiteClock "0:00:20"]
[BlackClock "0:00:02"]

1. d4 Nf6 2. Nf3 d6 3. c4 Nc6 4. Nc3 e5 5. dxe5 dxe5 6. Qxd8+ Kxd8 7. Bg5 Be6 8. O-O-O+ Kc8 9. Bxf6 gxf6 10. e3 a5 11. Be2 a4 12. a3 Nb8 13. h3 Nd7 14. Nd2 c6 15. Nde4 Kc7 16. g4 Be7 17. Kc2 f5 18. gxf5 Bxf5 19. Bg4 Bxe4+ 20. Nxe4 Rad8 21. Bf5 Nc5 22. Rxd8 Rxd8 23. Nxc5 Bxc5 24. Bxh7 Rh8 25. Bf5 Rh4 26. Kd3 Be7 27. Bg4 Bf6 28. Ke4 Rh8 29. c5 Be7 30. Rc1 f6 31. Rc4 Rh6 32. Kf5 Bf8 33. Ke6 Kb8 34. Kf7 Rh8 35. Kxf6 Rh7 36. Bf5 Rg7 37. Rg4 Rxg4 38. hxg4 Bxc5 39. g5 Kc7 40. g6 Bf8 41. g7 Bxg7+ 42. Kxg7 Kd6 43. Kf6 b5 44. Bd3 Kd5 45. Kf5 Kc5 46. Kxe5 b4 47. axb4+ 1-0


[Site "https://www.chess.com"]

[Event "Titled Tuesday Blitz May 16 Early 2023"]
[White "Gunina, Valentina"]
[Black "Makarian, Rudik"]
[WhiteFideId "4167570"]
[BlackFideId "44105681"]
[WhiteElo "2352"]
[BlackElo "2461"]
[Result "0-1"]
[Round "03"]
[TimeControl "180+2"]
[Date "2023.05.16"]
[WhiteClock "0:00:29"]
[BlackClock "0:00:18"]

1. d4 Nf6 2. c4 e6 3. Nf3 d5 4. Nc3 Be7 5. Bf4 O-O 6. e3 Nbd7 7. c5 Ne4 8. Bd3 f5 9. h4 c6 10. Ne2 Qa5+ 11. Kf1 b6 12. cxb6 axb6 13. Ng5 Ndf6 14. f3 Nd6 15. b3 c5 16. Kf2 h6 17. Nh3 Nh5 18. g3 Ba6 19. Bxa6 Qxa6 20. Be5 Nf7 21. Nhf4 Nxe5 22. dxe5 Nxf4 23. Nxf4 Qc8 24. Qg1 Qc7 25. Qc1 Qxe5 26. Ng6 Qf6 27. Nxf8 Bxf8 28. a4 Bd6 29. f4 Kh7 30. Ra3 c4 31. bxc4 Bxa3 32. Qxa3 dxc4 33. Rc1 Rc8 34. Qb4 c3 35. Qxb6 Qe7 36. g4 Qxh4+ 37. Ke2 Qxg4+ 38. Kd3 c2 39. Qxe6 Qd1+ 0-1


[Site "https://www.chess.com"]

[Event "Titled Tuesday Blitz May 16 Early 2023"]
[White "Di Benedetto, Edoardo"]
[Black "Zhigalko, Sergei"]
[WhiteFideId "875740"]
[BlackFideId "13502956"]
[WhiteElo "2296"]
[BlackElo "2626"]
[Result "0-1"]
[Round "03"]
[TimeControl "180+2"]
[Date "2023.05.16"]
[WhiteClock "0:00:04"]
[BlackClock "0:00:06"]

1. d4 Nf6 2. c4 e6 3. Nf3 b6 4. g3 Ba6 5. b3 Bb4+ 6. Bd2 Be7 7. Bg2 c6 8. O-O d5 9. Bc3 Nbd7 10. Nbd2 O-O 11. Qc2 c5 12. Rfd1 Rc8 13. Qb2 b5 14. cxb5 Bxb5 15. dxc5 Bxe2 16. Re1 Bxf3 17. Nxf3 Nxc5 18. Rad1 Nce4 19. Bd4 Qa5 20. Ne5 Ba3 21. Qa1 Bb4 22. Rf1 Bc3 23. Bxc3 Nxc3 24. Rd2 Nce4 25. Re2 Rc7 26. g4 Nc3 27. Rd2 Rfc8 28. h4 Nfe4 29. Rc2 Qb4 30. h5 h6 31. Nd3 Qd4 32. Nf4 Qf6 33. Nh3 d4 34. Bxe4 Nxe4 35. Rxc7 Rxc7 36. Qd1 Rc3 37. Kg2 Qh4 38. Rh1 d3 39. Qe1 f5 40. gxf5 Qg4+ 41. Kf1 exf5 42. Ng1 d2 43. f3 dxe1=Q+ 0-1


[Site "https://www.chess.com"]

[Event "Titled Tuesday Blitz May 16 Early 2023"]
[White "Hakobyan, Aram"]
[Black "Preotu, Razvan"]
[WhiteFideId "13306677"]
[BlackFideId "2613280"]
[WhiteElo "2584"]
[BlackElo "2407"]
[Result "1-0"]
[Round "03"]
[TimeControl "180+2"]
[Date "2023.05.16"]
[WhiteClock "0:02:05"]
[BlackClock "0:00:25"]

1. e4 c5 2. Nf3 d6 3. Bb5+ Nd7 4. O-O a6 5. Bxd7+ Bxd7 6. c3 Nf6 7. Re1 e6 8. d4 Be7 9. e5 dxe5 10. dxe5 Nd5 11. c4 Nb4 12. a3 Nc6 13. Nc3 Qc7 14. Bf4 h6 15. Bg3 Rd8 16. Ne4 O-O 17. Nf6+ gxf6 18. exf6 Bc8 19. Qc1 Qxg3 20. hxg3 Bxf6 21. Qxh6 Bg7 22. Qh5 f6 23. Rad1 Nd4 24. Qxc5 1-0


[Site "https://www.chess.com"]

[Event "Titled Tuesday Blitz May 16 Early 2023"]
[White "Badmatsyrenov, Oleg"]
[Black "Tabatabaei, M. Amin"]
[WhiteFideId "24115762"]
[BlackFideId "12521213"]
[WhiteElo "2396"]
[BlackElo "2575"]
[Result "0-1"]
[Round "03"]
[TimeControl "180+2"]
[Date "2023.05.16"]
[WhiteClock "0:00:03"]
[BlackClock "0:00:22"]

1. e4 c5 2. Nf3 e6 3. d4 cxd4 4. Nxd4 Nc6 5. Nc3 a6 6. Nxc6 bxc6 7. e5 Qc7 8. f4 d6 9. exd6 Bxd6 10. Ne4 Bxf4 11. Bxf4 Qxf4 12. Qd4 e5 13. Nd6+ Kf8 14. Qxf4 exf4 15. Nxc8 Rxc8 16. Bxa6 Re8+ 17. Kd2 Nf6 18. Bd3 g5 19. a4 Nd5 20. a5 Kg7 21. a6 Ra8 22. Ra5 Rhd8 23. Kc1 Kf6 24. Rf1 Ne3 25. Rf2 h6 26. h4 c5 27. hxg5+ hxg5 28. Rxc5 Rxa6 29. g3 Ra1+ 30. Kd2 Nf1+ 31. Kc3 Nxg3 32. b4 Rb1 33. Rh2 f3 34. Rf2 g4 35. Rc4 Kg5 36. b5 Rxb5 37. Rxg4+ Kxg4 0-1


[Site "https://www.chess.com"]

[Event "Titled Tuesday Blitz May 16 Early 2023"]
[White "Le, Tuan Minh"]
[Black "Kushko, Dmitriy"]
[WhiteFideId "12401153"]
[BlackFideId "14162261"]
[WhiteElo "2566"]
[BlackElo "2230"]
[Result "1-0"]
[Round "03"]
[TimeControl "180+2"]
[Date "2023.05.16"]
[WhiteClock "0:01:17"]
[BlackClock "0:00:05"]

1. d4 g6 2. e4 Bg7 3. Bc4 c5 4. dxc5 Qa5+ 5. c3 Qxc5 6. Bb3 Nf6 7. Be3 Qc7 8. Nd2 O-O 9. Ngf3 Nc6 10. O-O Rd8 11. Bg5 d6 12. Re1 h6 13. Bh4 b6 14. h3 Bb7 15. Qe2 Na5 16. Bc2 e5 17. Rad1 g5 18. Bg3 Nh5 19. Nf1 Nf4 20. Bxf4 exf4 21. Nd4 Re8 22. Nf5 d5 23. Qh5 dxe4 24. Nxh6+ Bxh6 25. Qxh6 Qe5 26. Nh2 Qg7 27. Qd6 Nc4 28. Qc7 Na5 29. Ng4 Rac8 30. Qd7 f5 31. Qxf5 Rf8 32. Qe6+ Kh8 33. Rd7 Rce8 34. Qd6 Nc4 35. Qc7 1-0


[Site "https://www.chess.com"]

[Event "Titled Tuesday Blitz May 16 Early 2023"]
[White "Deepan Chakkravarthy J."]
[Black "Ter-Sahakyan, Samvel"]
[WhiteFideId "5011132"]
[BlackFideId "13302531"]
[WhiteElo "2351"]
[BlackElo "2545"]
[Result "0-1"]
[Round "03"]
[TimeControl "180+2"]
[Date "2023.05.16"]
[WhiteClock "0:01:08"]
[BlackClock "0:01:20"]

1. e4 c5 2. Nf3 e6 3. c3 d5 4. e5 d4 5. Bb5+ Bd7 6. Bxd7+ Qxd7 7. O-O Nc6 8. Na3 Nge7 9. Nc4 Ng6 10. Re1 b5 11. Na3 a6 12. d3 Be7 13. Nc2 dxc3 14. bxc3 O-O 15. d4 Rfd8 16. Be3 Rac8 17. Qe2 cxd4 18. cxd4 Qb7 19. g3 Na5 20. h4 Rxc2 21. Qxc2 Qxf3 22. d5 Rxd5 0-1


[Site "https://www.chess.com"]

[Event "Titled Tuesday Blitz May 16 Early 2023"]
[White "Vaishali, Rameshbabu"]
[Black "Van Foreest, Jorden"]
[WhiteFideId "5091756"]
[BlackFideId "1039784"]
[WhiteElo "2410"]
[BlackElo "2633"]
[Result "0-1"]
[Round "03"]
[TimeControl "180+2"]
[Date "2023.05.16"]
[WhiteClock "0:00:02"]
[BlackClock "0:00:57"]

1. e4 c6 2. d4 d5 3. e5 c5 4. Nf3 cxd4 5. Qxd4 Nc6 6. Qf4 h6 7. Bd3 g5 8. Qa4 Bd7 9. Qb3 g4 10. Nh4 Nxe5 11. Qxd5 Nxd3+ 12. Qxd3 e6 13. g3 Bc6 14. Qxd8+ Rxd8 15. O-O Nf6 16. Nc3 Nh7 17. Be3 Ng5 18. Rfd1 Rc8 19. Bxa7 Be7 20. Be3 O-O 21. Kf1 Kg7 22. a4 f5 23. Rd3 Kf7 24. Rd2 Bb4 25. Bd4 Rfd8 26. Rad1 Nf3 27. Nxf3 Bxf3 28. Re1 h5 29. Re5 Rd7 30. Rb5 Be7 31. Ne2 Bc6 32. Rb4 Bxb4 0-1


[Site "https://www.chess.com"]

[Event "Titled Tuesday Blitz May 16 Early 2023"]
[White "Maghsoodloo, Parham"]
[Black "Gritsenko, Nikolai"]
[WhiteFideId "12539929"]
[BlackFideId "14112493"]
[WhiteElo "2655"]
[BlackElo "2389"]
[Result "1-0"]
[Round "03"]
[TimeControl "180+2"]
[Date "2023.05.16"]
[WhiteClock "0:02:01"]
[BlackClock "0:00:50"]

1. e4 d5 2. exd5 Nf6 3. Bb5+ Bd7 4. Bc4 Bg4 5. f3 Bc8 6. Nc3 Nbd7 7. Nge2 Nb6 8. Bb3 Nbxd5 9. Nxd5 Nxd5 10. d4 e6 11. O-O c5 12. c4 Nf6 13. Be3 b6 14. dxc5 Bxc5 15. Bxc5 bxc5 16. Ba4+ Ke7 17. Qb3 Qb6 18. Qe3 Ba6 19. b3 Rad8 20. Nf4 Rd4 21. Ne2 Rd6 22. Ng3 g6 23. Ne4 Rd4 24. Qg5 1-0


[Site "https://www.chess.com"]

[Event "Titled Tuesday Blitz May 16 Early 2023"]
[White "Tatarinov, Dmitry"]
[Black "Matlakov, Maxim"]
[WhiteFideId "24160067"]
[BlackFideId "4168003"]
[WhiteElo "2326"]
[BlackElo "2666"]
[Result "1-0"]
[Round "03"]
[TimeControl "180+2"]
[Date "2023.05.16"]
[WhiteClock "0:00:11"]
[BlackClock "0:00:10"]

1. c4 c6 2. d4 d5 3. cxd5 cxd5 4. Nc3 e6 5. Bf4 Nc6 6. e3 Bd6 7. Bxd6 Qxd6 8. Nf3 Nge7 9. Bd3 h6 10. O-O O-O 11. Rc1 Bd7 12. Qe2 Rac8 13. Bb1 Rfd8 14. Rfd1 Be8 15. a3 Na5 16. Ne5 Nc4 17. Nxc4 dxc4 18. e4 b5 19. e5 Qb6 20. Qe4 Nf5 21. d5 g6 22. Qf4 a5 23. Ne4 Kg7 24. Nf6 b4 25. Bxf5 exf5 26. axb4 Qxb4 27. h4 Ba4 28. Re1 Qxb2 29. h5 Bb3 30. hxg6 fxg6 31. d6 a4 32. d7 Ra8 33. Ne8+ Rxe8 34. dxe8=Q Rxe8 35. e6 Qf6 36. Qd6 h5 37. Re3 Re7 38. Rce1 h4 39. Qc5 Kh6 40. Re5 Qg5 41. R1e3 Qf6 42. Rd5 Rxe6 43. Rxe6 Qxe6 44. Qf8+ Kg5 45. Qd8+ Kh5 46. Rd4 Qe1+ 47. Kh2 Qe5+ 48. f4 Qe1 49. Qg5# 1-0


[Site "https://www.chess.com"]

[Event "Titled Tuesday Blitz May 16 Early 2023"]
[White "Halkias, Stelios"]
[Black "Kozak, Adam"]
[WhiteFideId "4201809"]
[BlackFideId "753246"]
[WhiteElo "2451"]
[BlackElo "2469"]
[Result "1-0"]
[Round "03"]
[TimeControl "180+2"]
[Date "2023.05.16"]
[WhiteClock "0:00:07"]
[BlackClock "0:00:00"]

1. Nf3 c5 2. c4 Nc6 3. Nc3 g6 4. e3 Bg7 5. d4 d6 6. d5 Bxc3+ 7. bxc3 Na5 8. e4 e5 9. dxe6 Bxe6 10. Bf4 Nf6 11. Qc2 Qe7 12. Bd3 O-O-O 13. Nd2 Ng4 14. O-O Ne5 15. Be2 Naxc4 16. Nxc4 Bxc4 17. Bxe5 Bxe2 18. Bxd6 Rxd6 19. Qxe2 Re6 20. Rfe1 f5 21. e5 Re8 22. f4 g5 23. Qd3 gxf4 24. Qxf5 Rf8 25. Qe4 Qg5 26. Rab1 Rf7 27. Qd5 Rfe7 28. Qxc5+ Rc6 29. Qxa7 Rec7 30. Qa8+ Kd7 31. Rbd1+ Ke6 32. Qe8+ Re7 33. Rd6+ Kf5 34. Qf8+ Kg4 35. h3+ Kg3 36. Rd3+ Kh4 37. Rf1 Rc4 38. Rdf3 Rg7 39. Rxf4+ 1-0


[Site "https://www.chess.com"]

[Event "Titled Tuesday Blitz May 16 Early 2023"]
[White "Pap, Gyula"]
[Black "AnujShrivatri21"]
[WhiteFideId "725323"]
[WhiteElo "2519"]
[BlackElo "2704"]
[Result "1/2-1/2"]
[Round "03"]
[TimeControl "180+2"]
[Date "2023.05.16"]
[WhiteClock "0:00:03"]
[BlackClock "0:00:14"]

1. Nf3 Nf6 2. g3 g6 3. b3 d6 4. d4 Bg7 5. Bb2 a5 6. a3 b5 7. Bg2 Bb7 8. O-O Nbd7 9. Qd3 O-O 10. Nbd2 b4 11. axb4 axb4 12. Qb5 Rb8 13. Qa5 Ne4 14. Rfd1 c5 15. Qxd8 Rfxd8 16. Nc4 Bc6 17. d5 Bb5 18. Bxg7 Kxg7 19. Nfd2 Nxd2 20. Nxd2 Ra8 21. e4 g5 22. Bf1 Bxf1 23. Kxf1 g4 24. Nc4 Kf6 25. Ke2 Ne5 26. Nxe5 Kxe5 27. Ke3 h5 28. h3 f5 29. exf5 Kxf5 30. hxg4+ hxg4 31. Rh1 Rxa1 32. Rxa1 Ke5 33. Rh1 Rf8 34. Rh7 Kxd5 35. Rxe7 Rf3+ 36. Ke2 Rc3 37. Kd2 Rf3 38. Ke2 Rc3 39. Kd2 c4 40. bxc4+ Rxc4 41. Rg7 Rd4+ 42. Ke3 Re4+ 43. Kd3 Rd4+ 44. Ke3 Kc5 45. Rg5+ d5 46. Rg8 Re4+ 47. Kd3 Rd4+ 48. Ke3 Rc4 49. Kd3 Kd6 50. Rg6+ Kc5 51. Rg8 Rd4+ 52. Ke3 1/2-1/2


[Site "https://www.chess.com"]

[Event "Titled Tuesday Blitz May 16 Early 2023"]
[White "Dimitrov, Atanas"]
[Black "Ibarra Jerez, Jose Carlos"]
[WhiteFideId "2901315"]
[BlackFideId "2226332"]
[WhiteElo "2704"]
[BlackElo "2638"]
[Result "1/2-1/2"]
[Round "03"]
[TimeControl "180+2"]
[Date "2023.05.16"]
[WhiteClock "0:00:16"]
[BlackClock "0:00:24"]

1. Nf3 Nf6 2. c4 d6 3. Nc3 e5 4. e3 g6 5. b3 Bg7 6. Bb2 O-O 7. Be2 e4 8. Nd4 Re8 9. O-O Nbd7 10. d3 exd3 11. Bxd3 Nc5 12. Be2 a5 13. Rc1 c6 14. h3 Qb6 15. Ba3 Bd7 16. Bf3 Rad8 17. Na4 Nxa4 18. bxa4 Bc8 19. c5 dxc5 20. Bxc5 Qc7 21. Qb3 Qe5 22. Bb6 Rd7 23. Rc5 Qb8 24. Rxa5 Ne4 25. Bxe4 Rxe4 26. Nf3 Re8 27. Bd4 Bf8 28. Rc1 Qc7 29. Re5 Rde7 30. Rxe7 Rxe7 31. Qb2 Re8 32. Qc3 Bf5 33. a5 Ra8 34. Bb6 Qd7 35. Nd4 Be4 36. Ne2 Re8 37. Ng3 Bd5 38. Rd1 Qe6 39. a3 h5 40. Ne2 Qe4 41. Nf4 Ba2 42. Qb2 Be6 43. Nxe6 Qxe6 44. Bd4 Qe7 45. Rb1 Qxa3 46. Qxa3 Bxa3 47. Rxb7 Ra8 48. Bb6 Bb4 49. Rc7 c5 50. Bxc5 Bxa5 51. Rb7 Bc3 52. g3 Be5 53. Kg2 Rd8 54. Rb5 Bf6 55. Rb6 Kg7 56. Rb7 Rd5 57. Be7 Bc3 58. Bb4 Be5 59. Ba3 Rd2 60. Rb5 Bf6 61. Rb3 Ra2 62. Bb4 Rc2 63. Rd3 Be5 64. g4 hxg4 65. hxg4 Rc4 66. Bd6 Bxd6 67. Rxd6 Rxg4+ 68. Kf3 Ra4 69. Rd7 Kf6 70. Rd3 Kg5 71. Rb3 f5 72. Kg3 Rg4+ 73. Kf3 Rh4 74. Kg3 Re4 75. Kf3 Re6 76. Rb4 Kf6 77. Rb8 Kg5 78. Rb3 Rc6 79. Rb4 Rc1 80. Ra4 Rb1 81. Rc4 Rb2 82. Rd4 Kf6 83. Rd6+ Kf7 84. Ra6 g5 85. Kg3 Rb4 86. f3 Rb1 87. e4 fxe4 88. fxe4 Re1 89. Kg4 Rxe4+ 90. Kxg5 Rb4 91. Ra5 Ke6 92. Ra6+ Ke5 93. Ra5+ Ke4 94. Rf5 Rb1 95. Rf4+ Ke5 96. Rf5+ Ke4 97. Rf4+ Ke3 98. Rf5 Rb8 99. Rf7 Ke4 100. Re7+ Kf3 101. Re1 Rb5+ 102. Kf6 Kf2 103. Re5 Rb6+ 104. Re6 Rb8 105. Re5 Kf3 106. Rf5+ Kg4 107. Rg5+ Kf4 108. Rf5+ Ke4 109. Re5+ Kf4 110. Rf5+ Ke4 111. Re5+ Kd4 112. Rf5 Rb6+ 113. Kg5 Ke4 114. Rf4+ Ke3 115. Rf6 Rb5+ 116. Rf5 Rb6 117. Rf6 Rb8 118. Rf7 Ke4 119. Re7+ Kf3 120. Rf7+ Kg3 121. Rf5 Rg8+ 122. Kf6 Kg4 123. Ra5 Re8 124. Ra4+ Kh5 125. Ra5+ Kh6 126. Ra1 Rf8+ 127. Ke7 Rf2 128. Rh1+ Kg6 129. Rg1+ Kf5 130. Kd6 Rd2+ 131. Kc5 Ra2 132. Kd4 Ra4+ 133. Kc3 Rg4 134. Rxg4 Kxg4 1/2-1/2


[Site "https://www.chess.com"]

[Event "Titled Tuesday Blitz May 16 Early 2023"]
[White "Rastbod, Ali"]
[Black "Lenderman, Aleksandr"]
[WhiteFideId "12567477"]
[BlackFideId "2021285"]
[WhiteElo "2274"]
[BlackElo "2607"]
[Result "0-1"]
[Round "03"]
[TimeControl "180+2"]
[Date "2023.05.16"]
[WhiteClock "0:00:03"]
[BlackClock "0:00:26"]

1. d4 e6 2. Nf3 Nf6 3. c4 d5 4. e3 a6 5. Nbd2 c5 6. cxd5 exd5 7. dxc5 Bxc5 8. Bd3 Nc6 9. O-O O-O 10. a3 Re8 11. b4 Bd6 12. Bb2 Bg4 13. Be2 Rc8 14. h3 Bf5 15. Rc1 h6 16. Nd4 Bd7 17. Nxc6 Rxc6 18. Bf3 Bb8 19. Rxc6 bxc6 20. Re1 Nh7 21. Bg4 Ng5 22. Bxd7 Qxd7 23. Qg4 f5 24. Qh5 f4 25. Bd4 Ne6 26. exf4 Qf7 27. Qxf7+ Kxf7 28. Nf3 Bxf4 29. Kf1 a5 30. Ne5+ Bxe5 31. Bxe5 Ra8 32. Rc1 axb4 33. axb4 Ra6 34. f4 h5 35. g4 hxg4 36. hxg4 Rb6 37. Ke2 Rxb4 38. Rxc6 Nxf4+ 39. Kf3 Ne6 40. Rd6 Rb3+ 41. Kg2 Rb5 42. Kg3 Ng5 43. Kf4 Ne6+ 44. Kg3 Rc5 45. Ra6 d4 46. Bf4 Rc3+ 47. Kh4 Nxf4 48. Kg5 Ne6+ 49. Kf5 Rf3+ 50. Ke5 Re3+ 51. Kf5 d3 52. Ra7+ Kg8 53. Rd7 Nf8 54. Rd4 Rf3+ 55. Ke4 Rh3 56. Kf5 Rg3 57. Kf4 Ne6+ 0-1


[Site "https://www.chess.com"]

[Event "Titled Tuesday Blitz May 16 Early 2023"]
[White "Kovalenko, Igor"]
[Black "Hua, Lefong"]
[WhiteFideId "14117908"]
[BlackFideId "2602253"]
[WhiteElo "2574"]
[BlackElo "2694"]
[Result "1-0"]
[Round "03"]
[TimeControl "180+2"]
[Date "2023.05.16"]
[WhiteClock "0:00:49"]
[BlackClock "0:00:12"]

1. c4 Nf6 2. Nc3 g6 3. e4 d6 4. d4 Bg7 5. Bd3 O-O 6. Nge2 c5 7. d5 e6 8. O-O exd5 9. exd5 a6 10. a4 Re8 11. h3 Nbd7 12. Bc2 Nh5 13. Ne4 Ne5 14. g4 Nf6 15. Bg5 h6 16. Nxf6+ Bxf6 17. Bxh6 Nxc4 18. Ng3 Nxb2 19. Qc1 Nc4 20. Rb1 b5 21. axb5 axb5 22. Rxb5 Ba6 23. Rb1 Ne5 24. Kg2 Bxf1+ 25. Qxf1 Bg7 26. Bxg7 Kxg7 27. Rb2 Qf6 28. Rb3 Qf4 29. Ne4 Ra2 30. Qb1 Rea8 31. Nxd6 Nxg4 32. hxg4 Qxd6 33. Rf3 Qe5 34. Qb7 Qe8 35. Bb3 R2a7 36. Qb6 Qb8 37. Qf6+ Kg8 38. Rh3 1-0


[Site "https://www.chess.com"]

[Event "Titled Tuesday Blitz May 16 Early 2023"]
[White "Nitish Belurkar"]
[Black "Mitrabha, Guha"]
[WhiteFideId "5084768"]
[BlackFideId "5057000"]
[WhiteElo "2352"]
[BlackElo "2507"]
[Result "0-1"]
[Round "03"]
[TimeControl "180+2"]
[Date "2023.05.16"]
[WhiteClock "0:00:41"]
[BlackClock "0:00:22"]

1. d4 Nf6 2. Nf3 c5 3. e3 cxd4 4. exd4 d5 5. Bd3 Bg4 6. O-O Nc6 7. c3 e6 8. Bg5 Bd6 9. Nbd2 Qc7 10. h3 Bh5 11. Re1 O-O 12. Qe2 Rae8 13. Qf1 Nd7 14. Be2 h6 15. Be3 f5 16. Nb3 Nf6 17. Ne5 Bxe2 18. Qxe2 Bxe5 19. dxe5 Ne4 20. f3 Ng3 21. Qf2 Nh5 22. f4 Kh7 23. g4 fxg4 24. hxg4 Nxf4 25. Bxf4 g5 26. Qc2+ Kg7 27. Bg3 Rf3 28. Kg2 Ref8 29. Qe2 d4 30. cxd4 Nb4 31. Rf1 Rxf1 32. Rxf1 Qc6+ 33. Kh2 Rxf1 34. Qxf1 Nd5 35. Qf2 b6 36. Nd2 Qc2 37. Nf1 Qe4 38. b3 Kg8 39. Kh3 Qh1+ 40. Nh2 Qd1 41. Kg2 Qd3 42. Nf3 Qe4 43. Kh3 Ne3 44. Nh2 Nd5 45. Qg2 Qd3 46. Qf2 Nf4+ 47. Qxf4 gxf4 0-1


[Site "https://www.chess.com"]

[Event "Titled Tuesday Blitz May 16 Early 2023"]
[White "Drozdowski, Kacper"]
[Black "Seemann, Jakub"]
[WhiteFideId "1136720"]
[BlackFideId "21874697"]
[WhiteElo "2497"]
[BlackElo "2364"]
[Result "1-0"]
[Round "03"]
[TimeControl "180+2"]
[Date "2023.05.16"]
[WhiteClock "0:00:05"]
[BlackClock "0:00:01"]

1. e4 c6 2. d4 d5 3. Nc3 dxe4 4. Nxe4 Nf6 5. Nxf6+ exf6 6. c3 Bd6 7. Bd3 O-O 8. Ne2 Re8 9. Qc2 h5 10. Bd2 Nd7 11. O-O h4 12. h3 Nf8 13. Rfe1 Bc7 14. Qc1 Ne6 15. Bc4 Qd6 16. Nf4 Bd7 17. g3 Ng5 18. Kg2 hxg3 19. fxg3 Bxh3+ 20. Kf2 Bg4 21. Qc2 b5 22. Bd3 c5 23. Bf5 Bxf5 24. Qxf5 cxd4 25. Qxb5 Rxe1 26. Rxe1 dxc3 27. Bxc3 Nh3+ 28. Kg2 Nxf4+ 29. gxf4 Qxf4 30. Re8+ Rxe8 31. Qxe8+ Kh7 32. Qxf7 Qg4+ 33. Kf1 Qf3+ 34. Ke1 Qe3+ 35. Kf1 Qf3+ 36. Ke1 Bf4 37. Qc4 Be3 38. Qh4+ Kg8 39. Qh2 Qe4 40. Qb8+ Kh7 41. Qh2+ Bh6+ 42. Kf1 Qb1+ 43. Kg2 Qxa2 44. Qc7 Qd5+ 45. Kf2 a6 46. Qc8 Qd3 47. Qg4 Be3+ 48. Kg2 Qc2+ 49. Kh3 Bg5 50. Qf3 Qg6 51. Qg4 Qh6+ 52. Kg2 Qh4 53. Qf5+ Kh6 54. Qc8 Qe4+ 55. Kf2 Bh4+ 56. Kg1 Qf3 57. Qc5 Qd1+ 58. Kg2 Qg4+ 59. Kf1 Bg5 60. Qd5 Qf4+ 61. Ke2 Qe3+ 62. Kf1 Bh4 63. Bd2 1-0


[Site "https://www.chess.com"]

[Event "Titled Tuesday Blitz May 16 Early 2023"]
[White "Mendez Fortes, Eduardo Jesus"]
[Black "Nguyen, Ngoc Truong Son"]
[WhiteFideId "3502376"]
[BlackFideId "12401110"]
[WhiteElo "2307"]
[BlackElo "2556"]
[Result "0-1"]
[Round "03"]
[TimeControl "180+2"]
[Date "2023.05.16"]
[WhiteClock "0:00:15"]
[BlackClock "0:00:36"]

1. e4 c5 2. Nf3 Nc6 3. d4 cxd4 4. Nxd4 e6 5. Nc3 a6 6. Be3 Nf6 7. f3 Qc7 8. Qd2 b5 9. O-O-O Bb7 10. g4 h6 11. h4 Be7 12. Rg1 Rc8 13. g5 hxg5 14. hxg5 Nh5 15. Nxc6 Bxc6 16. Kb1 b4 17. Ne2 e5 18. Rh1 g6 19. Bh3 Rd8 20. Bg4 d5 21. exd5 Bxd5 22. Qe1 Qc6 23. Rh3 O-O 24. Qh1 Bxa2+ 25. Kxa2 Qxc2 26. Rc1 b3+ 27. Ka1 Qxe2 28. Rxh5 gxh5 29. Qxh5 Ba3 30. Rb1 Bxb2+ 31. Rxb2 Rd1+ 32. Rb1 Qa2# 0-1


[Site "https://www.chess.com"]

[Event "Titled Tuesday Blitz May 16 Early 2023"]
[White "Yeletsky, Ivan"]
[Black "Sakun, Volodymyr"]
[WhiteFideId "24180327"]
[BlackFideId "14114062"]
[WhiteElo "2380"]
[BlackElo "2318"]
[Result "1/2-1/2"]
[Round "03"]
[TimeControl "180+2"]
[Date "2023.05.16"]
[WhiteClock "0:00:05"]
[BlackClock "0:00:08"]

1. e4 e5 2. Nf3 Nc6 3. Nc3 Nf6 4. Be2 d5 5. exd5 Nxd5 6. O-O Nxc3 7. bxc3 Bd6 8. d4 O-O 9. Rb1 h6 10. Re1 a6 11. Bc4 Qf6 12. h3 exd4 13. cxd4 Na5 14. Bd3 Bf5 15. c4 Nxc4 16. Rxb7 Na5 17. Rb2 Bxd3 18. Qxd3 Nc6 19. Qc4 Rfd8 20. Rbe2 Na5 21. Qa4 Nc6 22. Bb2 Nb4 23. Qb3 Rab8 24. a3 Nd5 25. Qc2 Nf4 26. Re3 Qg6 27. Qxg6 fxg6 28. Bc1 Nd5 29. R3e2 g5 30. g3 Rb3 31. Nd2 Rc3 32. Ne4 Rd3 33. Nc5 Bxc5 34. dxc5 Rc3 35. Re6 Kf7 36. Rxa6 Rxc5 37. Kg2 Nf6 38. Be3 Rc2 39. a4 Rd3 40. Kf3 h5 41. Ra7 g4+ 42. hxg4 hxg4+ 43. Kg2 Nd5 44. Bg5 Kg6 45. Bc1 Rb3 46. Ra6+ c6 47. Ra8 Rb1 48. Bd2 Rbb2 49. Be3 Nxe3+ 50. Rxe3 Rxf2+ 51. Kg1 Rg2+ 52. Kf1 Rgf2+ 53. Kg1 Rf3 54. Rxf3 gxf3 55. Rf8 Ra2 56. Rxf3 Rxa4 57. Rc3 Ra6 58. Rc5 Kf6 59. Kf2 g6 60. Kf3 Rb6 61. Kg4 Ra6 62. Kf3 Ke6 63. Rg5 Kf6 64. Rc5 1/2-1/2


[Site "https://www.chess.com"]

[Event "Titled Tuesday Blitz May 16 Early 2023"]
[White "Kramnik, Vladimir"]
[Black "Volkov, Maksim"]
[WhiteFideId "4101588"]
[BlackFideId "54123070"]
[WhiteElo "2703"]
[BlackElo "2297"]
[Result "1-0"]
[Round "03"]
[TimeControl "180+2"]
[Date "2023.05.16"]
[WhiteClock "0:00:06"]
[BlackClock "0:00:01"]

1. c4 e6 2. Nc3 d5 3. d4 c6 4. cxd5 exd5 5. Bf4 Bf5 6. e3 Nf6 7. Bd3 Bxd3 8. Qxd3 Be7 9. Nge2 O-O 10. h3 Re8 11. g4 Ne4 12. O-O Bd6 13. Nxe4 dxe4 14. Qb3 Bxf4 15. Nxf4 Qb6 16. d5 Qxb3 17. axb3 cxd5 18. Nxd5 Na6 19. Rfd1 Red8 20. b4 Kf8 21. Rd4 Rd6 22. b5 Nc5 23. Nc3 Rxd4 24. exd4 Nb3 25. Ra4 Nd2 26. Kg2 Ke7 27. d5 Kd6 28. Rd4 Nb3 29. Nxe4+ Ke5 30. Rb4 Nc1 31. Ng5 f6 32. Nf3+ Kxd5 33. Rd4+ Ke6 34. Rc4 Nd3 35. Rc7 Nf4+ 36. Kg3 Ne2+ 37. Kh2 h5 38. g5 Kf5 39. Rxg7 Rc8 40. Rf7 Rc2 41. Rxf6+ Ke4 42. g6 Nf4 43. Kg3 h4+ 44. Kg4 Nxg6 45. Rxg6 Rxf2 46. Re6+ Kd5 47. Re7 Rxb2 48. Rxb7 Rb4+ 49. Kg5 Rb3 50. Kf4 Rb4+ 51. Kf5 Rb3 52. Nxh4 Rxh3 53. Ng6 Rb3 54. Nf4+ Kc5 55. Ne6+ Kd5 56. Rxa7 Kd6 57. Nd4 Kc5 58. Nxb3+ 1-0


[Site "https://www.chess.com"]